 Dungeon Crawl Stone Soup version 0.24.0-125-gc4c63601f3 (webtiles) character file.

Game seed: 6114901195929861982, levelgen mode: deterministic

388 Ivernyr the Shooter (level 6, -1/51 HPs)
             Began as a Centaur Arcane Marksman on Mar 4, 2020.
             Slain by a wight
             ... wielding a cursed +6 spear
              (12 damage)
             ... on level 4 of the Dungeon on Mar 7, 2020.
             The game lasted 00:17:58 (4461 turns).

Ivernyr the Shooter (Centaur Arcane Marksman)       Turns: 4461, Time: 00:17:58

Health: -1/51      AC:  6    Str: 13    XL:     6   Next: 49%
Magic:  7/7        EV: 10    Int: 12    God:
Gold:   191        SH:  0    Dex: 14    Spells: 6/7 levels left

rFire    . . .     SeeInvis .   a - +0 shortbow
rCold    . . .     Gourm    .   (shield currently unavailable)
rNeg     . . .     Faith    .   e - +0 robe
rPois    .         Spirit   .   (no helmet)
rElec    .         Reflect  .   m - +0 cloak
rCorr    +         Harm     .   v - +0 pair of gloves
MR       .....                  (no barding)
Stlth    +.........             (no amulet)
HPRegen  0.17/turn              i - +3 ring of dexterity
MPRegen  0.10/turn              l - ring of resist corrosion

@: drained, very quick
A: large, hooves 3, deformed body, speed 2, tough skin 3
a: no special abilities


You were on level 4 of the Dungeon.
You were not hungry.

You visited 1 branch of the dungeon, and saw 4 of its levels.

You collected 191 gold pieces.

Inventory:

Hand Weapons
 a - a +0 shortbow (weapon)
 c - a +0 trident
Missiles
 d - 33 arrows (quivered)
 r - 13 poisoned darts
Armour
 e - a +0 robe (worn)
 m - a +0 cloak (worn)
 v - a +0 pair of gloves (worn)
Jewellery
 i - a +3 ring of dexterity (left hand)
 l - a ring of resist corrosion (right hand)
Wands
 o - a wand of enslavement (5)
 u - a wand of flame (1)
Scrolls
 b - 2 scrolls of random uselessness {unknown}
 h - 2 scrolls of teleportation {unknown}
 j - 3 scrolls of remove curse {unknown}
 k - a scroll of magic mapping {unknown}
 s - a scroll of noise {unknown}
Potions
 g - a potion of brilliance {unknown}
 n - 2 potions of heal wounds {unknown}
 p - a potion of agility {unknown}
 q - a potion of flight {unknown}
 t - a potion of might {unknown}
Comestibles
 f - 2 rations
 w - 2 chunks of flesh


   Skills:
 + Level 3.3(2.3) Fighting
 * Level 6.8(5.6) Bows
 + Level 2.8(1.8) Dodging
 - Level 1.0(0.0) Spellcasting
 - Level 2.6(1.6) Hexes


You had 6 spell levels left.
You knew the following spells:

 Your Spells              Type           Power        Failure   Level  Hunger
a - Corona                Hex            #......      17%         1    ##.....

Your spell library contained the following spells:

 Spells                   Type           Power        Failure   Level  Hunger
 Slow                     Hex            #.......     26%         2    ###....
 Inner Flame              Hex/Fire       #.......     56%         3    ####...
 Portal Projectile        Hex/Tloc       #.....       56%         3    ####...
 Cause Fear               Hex            #.........   86%         4    #####..
 Leda's Liquefaction      Hex/Erth       #.........   93%         4    #####..


Dungeon Overview and Level Annotations

Branches:
Dungeon (4/15)
 Temple: D:4-7

Altars:
Fedhas
Qazlal
Trog


Innate Abilities, Weirdness & Mutations

You have hooves in place of feet.
Armour fits poorly on your strangely shaped body.
You cover ground very quickly.
You have extremely tough skin. (AC +3)


Message History

Aim: a wight, wielding a +4 flail and wearing a +0 robe (almost destroyed)
You shoot an arrow. The arrow hits the wight.
You destroy the wight!
The wight hits you from afar with a cursed +6 spear!
You feel drained.
Firing (i - inventory. (/) - cycle)
d - 35 arrows (quivered)
Press: ? - help, Shift-Dir - straight line, f - wight
Aim: a wight, wielding a +6 spear and wearing a +0 robe You shoot an arrow.
The arrow hits the wight.
The wight is moderately damaged.
The wight hits you from afar with a cursed +6 spear!
* * * LOW HITPOINT WARNING * * *
You feel drained.
* * * LOW HITPOINT WARNING * * *
Firing (i - inventory. (/) - cycle)
d - 34 arrows (quivered)
Press: ? - help, Shift-Dir - straight line, f/p - wight
Aim: a wight, wielding a +6 spear and wearing a +0 robe (moderately damaged)
You shoot an arrow. The arrow barely misses the wight.
The wight hits you from afar with a cursed +6 spear!
You die...

###. ... .. . #.
... #.## >...
#.(# ..... ##
##z##..... ...
#.###.)......#
#.# #....@...#.#.
#.#.###..####
####.####..#
.....[.....####..
##.....†......#
###.########.#
#<# #.# ..#


You could see a wight.

Vanquished Creatures
  A wight (D:4)
  2 orc priests
  Ijyb (D:3)
  5 adders
  12 gnolls (D:2)
  2 oozes (D:2)
  2 worms (D:3)
  A dart slug (D:2)
  4 leopard geckos
  7 orcs
  3 giant cockroaches
  6 goblins
  4 hobgoblins
  8 jackals (D:2)
  2 quokkas
  3 ball pythons
  8 bats
  4 frilled lizards
  8 kobolds
  10 rats
93 creatures vanquished.

Notes
Turn   | Place    | Note
-------+----------+-------------------------------------------
     0 | D:1      | Ivernyr the Centaur Arcane Marksman began the quest for the
                  | Orb.
     0 | D:1      | Reached XP level 1. HP: 16/16 MP: 2/2
    53 | D:1      | Reached skill level 3 in Bows
   231 | D:1      | Reached XP level 2. HP: 22/23 MP: 3/3
   292 | D:1      | HP: 1/23 [hobgoblin/+0 club (3)]
  1243 | D:2      | Reached XP level 3. HP: 24/28 MP: 4/4
  1247 | D:2      | Reached skill level 4 in Bows
  1575 | D:2      | Reached XP level 4. HP: 34/36 MP: 5/5
  1820 | D:2      | Reached skill level 5 in Bows
  2043 | D:2      | Found a blossoming altar of Fedhas.
  2332 | D:2      | Reached XP level 5. HP: 42/42 MP: 6/6
  2760 | D:2      | Reached skill level 6 in Bows
  3483 | D:3      | Found a stormy altar of Qazlal.
  3527 | D:3      | Reached XP level 6. HP: 51/51 MP: 7/7
  3556 | D:3      | Noticed Ijyb
  3575 | D:3      | Killed Ijyb
  4182 | D:3      | Noticed a moth of wrath
  4184 | D:3      | Found a bloodstained altar of Trog.
  4461 | D:4      | Slain by a wight

Levels and vault maps discovered:
D:1:      kennysheep_arrival_forest, layout_basic, minmay_split_cup_small
D:2:      layout_basic, nicolae_overflow_crystal_walls
D:3:      layout_loops_ring, tgw_trog, lemuel_round_altar, serial_bayou_pond_e,
          uniq_ijyb
D:4:      layout_loops_ring, cheibriados_altar_1, kennysheep_mini,
          chequers_temple_overflow_statue_of_worship, first_ration

Skill      XL: |  1  2  3  4  5 |
---------------+----------------+-----
Bows           | 3 4 5 6 |  6.8
Fighting       | 2 3 |  3.3
Dodging        | 2 |  2.8
Spellcasting   | |  1.0
Hexes          | |  2.6

Action                   |  1- 3 |  4- 6 || total
-------------------------+-------+-------++-------
Melee: Spear             |    79 |    66 ||   145
       Kick              |    17 |    31 ||    48
       Unarmed           |     2 |       ||     2
       Trident           |       |    69 ||    69
 Fire: Shortbow          |    21 |    96 ||   117
  Eat: Chunk             |     1 |     8 ||     9
Armor: Robe              |    24 |    52 ||    76
Dodge: Dodged            |    42 |   100 ||   142
